 Dungeon Crawl Stone Soup version 0.29.0-3-gbb0933ed62 (webtiles) character file.

Game seed: 6677375093590709849

170 styxcanada the Covert (level 5, -6/26 HPs)
             Began as a Spriggan Brigand on Aug 24, 2022.
             Mangled by an orc
             ... wielding a +0 morningstar of holy wrath
              (7 damage)
             ... on level 3 of the Dungeon on Aug 26, 2022.
             The game lasted 00:11:58 (3188 turns).

styxcanada the Covert (Spriggan Brigand)            Turns: 3188, Time: 00:11:59

Health: -6/26      AC:  3    Str:  7    XL:     5   Next: 26%
Magic:  6/6        EV: 17    Int: 13    God:
Gold:   113        SH:  0    Dex: 18    Spells: 1/4 levels left

rFire   . . .      SeeInvis +   a - +3 dagger
rCold   . . .      Faith    .   (no shield)
rNeg    . . .      Spirit   .   b - +0 robe
rPois   .          Reflect  .   (helmet restricted)
rElec   .          Harm     .   c - +0 cloak
rCorr   .          Rampage  .   (gloves unavailable)
Will    .....                   (boots unavailable)
Stlth   ++++......              (no amulet)
HPRegen 0.08/turn               (no ring)
MPRegen 0.10/turn               (no ring)

@: about to teleport, weak-willed, very quick
A: very small, no large weapons, unfitting armour, see invisible, speed 3
a: no special abilities


You were on level 3 of the Dungeon.
You visited 1 branch of the dungeon, and saw 3 of its levels.

You collected 113 gold pieces.

Inventory:

Hand Weapons
 a - a +3 dagger (weapon)
Missiles
 e - 3 curare-tipped darts (quivered)
 k - 16 stones
 n - 5 atropa-tipped darts
 r - 6 poisoned darts
Armour
 b - a +0 robe (worn)
 c - a +0 cloak (worn)
Scrolls
 v - a scroll of silence {unknown}
Potions
 i - 2 potions of flight
 j - a potion of brilliance
 m - 3 potions of curing {unknown}
 o - a potion of attraction {unknown}
 q - a potion of invisibility {unknown}
 u - a potion of heal wounds {unknown}
 w - a potion of might {unknown}


   Skills:
 * Level 2.1 Fighting
 + Level 3.1 Short Blades
 + Level 2.2 Throwing
 * Level 2.4 Dodging
 * Level 8.6 Stealth


You had one spell level left.
You knew the following spells:

 Your Spells              Type           Power      Damage    Failure   Level
a - Dazzling Flash        Conj/Hex       0%         N/A       67%         3

Your spell library contained the following spells:

 Spells                   Type           Power      Damage    Failure   Level
 Agony                    Necr           0%         N/A       100%        5
 Silence                  Hex/Air        0%         N/A       100%        5


Dungeon Overview and Level Annotations

Branches:
Dungeon (3/15)

Altars:


Innate Abilities, Weirdness & Mutations

You are very small and have problems with some larger weapons.
You are too small for most types of armour.
You have supernaturally acute eyesight. (SInv)
You cover ground extremely quickly. (Speed+++)


Message History

As you read the scroll labelled NOMENUZX HAXKU, it crumbles to dust.
The orc shouts!
Magic quickly surges around you.
It was a scroll of vulnerability.
The quokka closely misses you.
As you read the scroll labelled TUM SEL ERCHO, it crumbles to dust.
It is a scroll of enchant weapon.
Your +2 dagger glows red for a moment.
The orc priest calls down the wrath of Beogh upon you.
Beogh smites you!
* * * LOW HITPOINT WARNING * * *
The quokka closely misses you.
You closely miss the orc. The orc completely misses you.
The quokka closely misses you.
As you read the scroll labelled JIUFRAONOI, it crumbles to dust.
You hear a loud clanging noise!
It was a scroll of noise.
You hear a shout! x2
The quokka misses you. The orc misses you.
As you read the scroll labelled DANGIB PICVO, it crumbles to dust.
Nothing appears to happen.
It was a scroll of butterflies.
The quokka barely misses you. The orc misses you.
As you read the scroll labelled CITHREJ CARO, it crumbles to dust.
It is a scroll of amnesia.
Really abort (and waste the scroll)? [Y]es or [N]o only, please.
Really abort (and waste the scroll)? [Y]es or [N]o only, please.
Really abort (and waste the scroll)?
Okay, then.
The quokka completely misses you. The orc closely misses you.
As you read the scroll labelled WOUMAX IRIA, it crumbles to dust.
You feel strangely unstable.
It was a scroll of teleportation.
The quokka bites you.
* * * LOW HITPOINT WARNING * * *
The orc hits you with a +0 morningstar of holy wrath.
* * * LOW HITPOINT WARNING * * *
The quokka misses you.
It was a potion of magic.
Magic courses through your body.
The orc hits you with a +0 morningstar of holy wrath!
You die...

#.# #.# #.# #.# #.# #.# #.# #.#
#.# ****** ##.###.# #.#
**,,,,******
###...##.########.###*,,*,,,,,,,*
.................o..##.#.,,,,,,,,
.##......###.###o.........,*,**,,
+*##.........# #r#.#...#..,,,,*,,
~~~###...##..# #@#o...>...*,_**,,
~~~**#...##..# #o#........**,,*,,
~~~*,..#.....# #o#.......P*,*,,,,
~~~*##...##.## #o#.#......,,,,,,,
+*** ##.###.* #.#.#...##.,,,,,,*
,# *,* #.* #.#.##.##**,****** .#
*,* *,* #..,**,* *,* .#
*,***,***#.#,**,****,* .#
*,,,,,,,,,,,,**,,,,,,*


You could see an orc wizard (weak-willed), 4 orcs and a quokka (weak-willed).

Vanquished Creatures
  7 gnolls (D:2)
  2 adders
  A worm (D:3)
  2 dart slugs
  9 orcs (D:3)
  4 endoplasms
  A giant cockroach (D:1)
  11 hobgoblins
  2 jackals (D:1)
  2 quokkas
  7 ball pythons
  7 bats
  5 frilled lizards
  5 goblins
  6 kobolds
  3 rats
74 creatures vanquished.

Vanquished Creatures (others)
  2 fungi (D:3)
  A plant (D:3)
3 creatures vanquished.

Grand Total: 77 creatures vanquished

Notes
Turn   | Place    | Note
-------+----------+-------------------------------------------
     0 | D:1      | styxcanada the Spriggan Brigand began the quest for the
                  | Orb.
     0 | D:1      | Reached XP level 1. HP: 10/10 MP: 2/2
    69 | D:1      | Reached skill level 6 in Stealth
   107 | D:1      | Upgraded the game from 0.29.0 to 0.29.0-3-gbb0933ed62
   205 | D:1      | Reached XP level 2. HP: 14/14 MP: 3/3
   530 | D:1      | Reached skill level 7 in Stealth
   718 | D:1      | Reached XP level 3. HP: 18/18 MP: 4/4
  1188 | D:2      | Reached XP level 4. HP: 5/23 MP: 5/5
  1662 | D:2      | Reached skill level 8 in Stealth
  2346 | D:3      | Reached XP level 5. HP: 26/26 MP: 6/6
  2936 | D:3      | Learned a level 3 spell: Dazzling Flash
  3187 | D:3      | HP: 1/26 [orc/+0 morningstar of holy wrath (3)]
  3188 | D:3      | Mangled by an orc

Illustrated notes

Levels and vault maps discovered:
D:1:      lightli_arrival_quake, layout_loops_cross, nicolae_titane
D:2:      minmay_evil_eye, layout_rooms, minmay_3d_cube
D:3:      layout_loops_ring, lightli_temple_of_fire, general_overflow_altar,
          dreamdust_ecumenical_altar_grove, chequers_serial_rivers_room_b,
          hangedman_decor_points

Skill      XL: |  1  2  3  4  5 |
---------------+----------------+-----
Stealth        | 6 7 8 |  8.6
Dodging        | 2 |  2.4
Fighting       | 2 |  2.1
Short Blades   | 3 |  3.1
Throwing       | |  2.2

Action                   |  1- 3 |  4- 6 || total
-------------------------+-------+-------++-------
Melee: Dagger            |    86 |    77 ||   163
Throw: Dart              |    19 |    34 ||    53
       Stone             |       |     3 ||     3
  Use: Scroll            |       |    10 ||    10
       Potion            |       |     1 ||     1
 Stab: Sleeping          |    15 |     7 ||    22
       Distracted        |       |     1 ||     1
Armor: Robe              |    14 |     8 ||    22
Dodge: Dodged            |    61 |    61 ||   122
